 Dungeon Crawl Stone Soup version 0.24.0-125-gc4c63601f3 (webtiles) character file.

Game seed: 18117640204690922081, levelgen mode: deterministic

59475 Descartes the Thaumaturge (level 14, -22/76 HPs)
             Began as a Deep Elf Air Elementalist on Mar 13, 2020.
             Was the Champion of Qazlal.
             Killed from afar by a deep elf sorcerer (26 damage)
             ... with a bolt of acid
             ... on level 1 of the Elven Halls on Mar 14, 2020.
             The game lasted 03:06:19 (38045 turns).

Descartes the Thaumaturge (DEAE)                   Turns: 38045, Time: 03:06:19

Health: -22/76     AC: 10    Str:  5    XL:     14   Next: 53%
Magic:  6/31       EV: 20    Int: 24    God:    Qazlal [******]
Gold:   2015       SH: 15    Dex: 21    Spells: 5/36 levels left

rFire    . . .     SeeInvis .   R - +0 long sword of Attainder {protect, Dex+6}
rCold    . . .     Gourm    .   w - +0 buckler
rNeg     . . .     Faith    .   m - +2 leather armour {rPois}
rPois    +         Spirit   .   u - +2 hat {MR+}
rElec    .         Reflect  .   S - +1 cloak
rCorr    .         Harm     .   D - +2 pair of gloves
MR       +++..                  e - +0 pair of boots
Stlth    +.........             (no amulet)
HPRegen  0.22/turn              F - ring of wizardry
MPRegen  0.22/turn              l - ring of protection from magic

@: protected from physical damage, corroded, very slightly contaminated, repel
missiles
A: fangs 1, rugged brown scales 1, dopey 1, robust 1, shaggy fur 1, wild magic 1
a: Upheaval, Elemental Force, Disaster Area, Renounce Religion


You were on level 1 of the Elven Halls.
You worshipped Qazlal.
Qazlal was exalted by your worship.
You were hungry.

You visited 5 branches of the dungeon, and saw 23 of its levels.
You also visited: Ossuary.

You collected 2321 gold pieces.
You spent 306 gold pieces at shops.

Inventory:

Hand Weapons
 k - a +0 rapier of venom
 n - a +1 shortbow of freezing
 R - the +0 long sword of Attainder (weapon) {protect, Dex+6}
   (You found it on level 8 of the Dungeon)

   It grants its wielder temporary protection when it strikes (+7 to AC).
   It affects your dexterity (+6).
Missiles
 b - 491 stones
 i - 436 arrows
 v - 19 poisoned darts (quivered)
 O - 6 curare-tipped darts
Armour
 e - a +0 pair of boots (worn)
 m - a +2 leather armour of poison resistance (worn)
 u - a +2 hat of magic resistance (worn)
 w - a +0 buckler (worn)
 D - a +2 pair of gloves (worn)
 L - a +0 shield
 S - a +1 cloak (worn)
Jewellery
 l - a ring of protection from magic (right hand)
 F - a ring of wizardry (left hand)
Wands
 h - a wand of polymorph (14)
 r - a wand of clouds (3)
 y - a wand of flame (11)
 E - a wand of iceblast (35)
 H - a wand of scattershot (4)
 Q - a wand of paralysis (11)
 T - a wand of disintegration (8)
Scrolls
 a - 3 scrolls of fog
 f - 7 scrolls of teleportation
 o - a scroll of fear
 p - 3 scrolls of enchant armour
 s - 5 scrolls of enchant weapon
 A - a scroll of holy word
 G - 3 scrolls of blinking
 J - 5 scrolls of remove curse
 K - a scroll of identify
 M - 3 scrolls of silence
 N - 2 scrolls of torment
 Y - 2 scrolls of amnesia
Potions
 c - 4 potions of might
 q - 5 potions of berserk rage
 t - 4 potions of haste
 z - 2 potions of mutation
 B - a potion of brilliance
 C - 4 potions of lignification
 I - 9 potions of curing
 P - 2 potions of cancellation
 V - a potion of resistance
 W - a potion of agility
 X - 3 potions of magic
Comestibles
 d - 3 chunks of flesh
 g - 17 rations


   Skills:
 - Level 3.0 Armour
 + Level 10.9 Dodging
 - Level 2.4 Stealth
 * Level 9.9 Shields
 + Level 11.6 Spellcasting
 + Level 9.7 Conjurations
 - Level 7.0 Hexes
 - Level 7.0 Charms
 + Level 9.4 Necromancy
 + Level 8.4 Air Magic
 + Level 8.8 Earth Magic
 - Level 6.0 Invocations
 - Level 6.0 Evocations


You had 5 spell levels left.
You knew the following spells:

 Your Spells              Type           Power        Failure   Level  Hunger
a - Shock                 Conj/Air       ####         1%          1    None
b - Swiftness             Chrm/Air       ######..     1%          2    None
c - Airstrike             Air            ######....   1%          4    None
d - Static Discharge      Conj/Air       ######..     1%          3    None
e - Borgnjor's Vile Clut  Necr/Erth      ######....   3%          5    ###....
f - Lightning Bolt        Conj/Air       ######....   3%          5    ###....
g - Inner Flame           Hex/Fire       #####...     3%          3    None
h - Cause Fear            Hex            ######....   2%          4    None
i - Leda's Liquefaction   Hex/Erth       ######....   1%          4    None

Your spell library contained the following spells:

 Spells                   Type           Power        Failure   Level  Hunger
 Corona                   Hex            ######.      1%          1    None
 Flame Tongue             Conj/Fire      #####        1%          1    None
 Slow                     Hex            ######..     1%          2    None
 Animate Dead             Necr           N/A          1%          4    None
 Portal Projectile        Hex/Tloc       #####.       3%          3    None
 Sticky Flame             Conj/Fire      #####...     6%          4    None
 Ignite Poison            Fire/Tmut/Pois ###.....     12%         3    None
 Recall                   Summ/Tloc      N/A          12%         3    None
 Fireball                 Conj/Fire      #####.....   14%         5    ###....
 Death Channel            Necr           ######....   12%         6    #####..
 Simulacrum               Ice/Necr       #####.....   58%         6    #####..


Dungeon Overview and Level Annotations

Branches:
Dungeon (14/15)            Temple (1/1) D:4            Lair (5/6) D:9
 Shoals (0/4) Lair:4       Spider (0/4) Lair:3          Orc (2/2) D:9
    Elf (1/3) Orc:2       Ossuary (visited)
  Slime: Lair:5-6    Vaults: D:13-14

Altars:
Ashenzari
Cheibriados
Dithmenos
Elyvilon
Fedhas
Gozag
Hepliaklqana
Kikubaaqudgha
Makhleb
Nemelex Xobeh
Okawaru
Qazlal
Ru
Sif Muna
Trog
Uskayaw
Vehumet
Wu Jian
Xom
Yredelemnul
Zin
The Shining One
Beogh

Shops:
Orc:2 (?(}

Annotations:
D:7 2 transporters
D:12 8 runed translucent doors
D:14 Louise
Lair:5 2 runed translucent doors, Nessos


Innate Abilities, Weirdness & Mutations

You have very sharp teeth.
You are partially covered in rugged brown scales. (AC +1, +3% HP)
You are dopey. (Int -2)
You are robust. (+10% HP)
You are covered in fur. (AC +1)
Your spells are a little harder to cast, but a little more powerful.


Message History

The bolt of acid hits you!!
* * * LOW HITPOINT WARNING * * *
The acid corrodes you!
You are splashed with acid!
* * * LOW HITPOINT WARNING * * *
Okay, then.
Blink to where?
Press: ? - help, Dir - move target cursor, p - deep elf sorcerer You are very lightly contaminated with residual magic.
As you read the scroll of blinking, it crumbles to dust.
A deep elf mage comes into view. It is wielding a +0 long sword.
The deep elf mage shouts!
The deep elf sorcerer gestures at you while chanting.
You resist with almost no effort.
You are feeling hungry.
The deep elf sorcerer casts a spell at you.
The bolt of acid misses you.
Your protection from physical attacks is fading.
The deep elf sorcerer gestures at you while chanting.
The bolt of acid hits you!!
You die...

#. #e# ### #.# ##.## #.#
#.#.## #.# )###.###.# .#
##....########### ##
##....e.e...@..### #
##....#######...# # ##....##
#####...##### ##
#....#####...........###
)###.###.###.......).......##
#.#.# #.##.................#
##ยง# #+#####...).8.....####
### ######.))######
#......<......#


You could see a deep elf sorcerer and a deep elf mage.

Vanquished Creatures
  Jorgrun (D:12)
  Gastronok (D:8)
  Frances (D:12)
  Josephine (D:10)
  2 hydras (Lair:1)
  2 centaur warriors (D:13)
  A two-headed ogre (D:12)
  2 dancing weapons (Elf:1)
  An orc high priest (Orc:1)
  Sonja (Lair:3)
  A fire crab (shapeshifter) (D:14)
  An unseen horror (D:11)
  2 deep elf archers (Elf:1)
  2 orc knights (Orc:2)
  Pikel (D:7)
  3 ugly things
  5 orc sorcerers
  6 deep elf magi (Elf:1)
  3 manticores
  2 black mambas
  Joseph (D:7)
  Maurice (D:9)
  2 centaur skeletons
  2 gargoyles (D:13)
  9 spiny frogs
  5 komodo dragons
  2 rime drakes
  8 trolls
  A hornet (D:14)
  A polar bear (Lair:2)
  Prince Ribbit (D:7)
  16 blink frogs
  Grinder (D:3)
  A hippogriff (Lair:1)
  Sigmund (D:1)
  A redback (Lair:3)
  A centaur simulacrum (D:14)
  2 wyverns
  A spriggan (D:11)
  33 yaks
  8 wraiths
  A basilisk (Lair:4)
  2 water elementals
  A fire elemental (Elf:1)
  4 hungry ghosts
  Menkaure (D:6)
  4 vampire mosquitoes (D:14)
  2 wargs
  Edmund (D:6)
  2 soldier ants (D:11)
  An acid dragon (D:12)
  8 water moccasins
  4 ice beasts
  30 orc warriors
  7 porcupines
  3 phantoms
  6 sky beasts
  4 slaves (D:7)
  An eye of draining (D:13)
  2 black bears
  A necrophage (D:8)
  9 ogres
  9 wolves
  14 crocodiles
  10 centaurs
  Blork the orc (D:4)
  2 big kobolds
  A wyvern zombie (D:12)
  15 bullfrogs
  2 scorpions
  9 killer bees
  9 wights
  2 electric eels
  9 howler monkeys
  6 crimson imps
  2 bullfrog zombies
  A quasit (D:9)
  11 hounds
  Crazy Yiuf (D:6)
  4 bullfrog skeletons
  5 jellies
  30 orc wizards
  31 orc priests
  3 human zombies (D:8)
  6 iguanas
  14 worker ants
  3 human skeletons (D:8)
  A hound zombie (D:11)
  3 hound skeletons
  10 mummies
  2 worker ant zombies (D:7)
  4 gnolls (D:4)
  A howler monkey skeleton (D:8)
  24 adders
  6 shadow imps
  6 oozes
  3 worms
  5 dart slugs
  5 leopard geckos
  75 orcs
  A ball python (D:1)
  5 giant cockroaches
  9 goblins
  9 hobgoblins
  10 jackals
  4 quokkas
  7 bats
  6 frilled lizards
  7 hobgoblin zombies (Ossuary)
  10 kobolds
  A leopard gecko zombie (D:5)
  2 orc zombies
  11 rats
  2 fungi
660 creatures vanquished.

Vanquished Creatures (collateral kills)
  A centaur skeleton (D:14)
  A troll (D:14)
  A wyvern (D:14)
  An acid dragon (D:14)
  A crimson imp (D:14)
5 creatures vanquished.

Vanquished Creatures (others)
  A polar bear (Lair:5)
  A worker ant (D:14)
  7 fungi
  8 plants
17 creatures vanquished.

Grand Total: 682 creatures vanquished

Notes
Turn   | Place    | Note
-------+----------+-------------------------------------------
     0 | D:1      | Descartes the Deep Elf Air Elementalist began the quest for
                  | the Orb.
     0 | D:1      | Reached XP level 1. HP: 10/10 MP: 6/6
   131 | D:1      | Reached XP level 2. HP: 15/15 MP: 1/8
   965 | D:1      | Reached XP level 3. HP: 19/19 MP: 8/10
  1523 | D:2      | Noticed Sigmund
  2393 | D:2      | Reached XP level 4. HP: 21/24 MP: 0/11
  2864 | D:2      | Found a snail-covered altar of Cheibriados.
  3074 | D:2      | Reached skill level 4 in Spellcasting
  3358 | D:3      | Noticed Grinder
  3370 | D:3      | Killed Grinder
  3370 | D:3      | Reached skill level 1 in Armour
  3370 | D:3      | Reached XP level 5. HP: 2/28 MP: 8/14
  3370 | D:3      | Reached XP level 6. HP: 3/32 MP: 8/15
  3883 | D:3      | Learned a level 2 spell: Swiftness
  3888 | D:3      | Learned a level 4 spell: Airstrike
  3892 | D:3      | Learned a level 3 spell: Static Discharge
  4427 | D:3      | Reached skill level 5 in Spellcasting
  4427 | D:3      | Reached skill level 1 in Charms
  4955 | D:4      | Found a staircase to the Ecumenical Temple.
  4968 | Temple   | Entered the Ecumenical Temple
  5272 | Temple   | Became a worshipper of Qazlal Stormbringer
  5308 | D:4      | Reached XP level 7. HP: 26/36 MP: 5/16
  5423 | D:4      | Reached skill level 1 in Evocations
  5741 | D:4      | Reached skill level 1 in Shields
  6080 | D:4      | Noticed Blork the orc
  6088 | D:4      | Killed Blork the orc
  6088 | D:4      | Reached skill level 1 in Invocations
  7092 | D:1      | Killed Sigmund
  7092 | D:1      | Reached skill level 5 in Dodging
  7092 | D:1      | Reached XP level 8. HP: 41/41 MP: 11/18
  7207 | D:5      | Entered Level 5 of the Dungeon
  7759 | D:5      | Reached * piety under Qazlal
  7831 | D:5      | Found a blossoming altar of Fedhas.
  7957 | D:5      | Reached skill level 6 in Spellcasting
  8218 | D:6      | Learned a level 5 spell: Borgnjor's Vile Clutch
  8312 | D:6      | Noticed Menkaure
  8319 | D:6      | Killed Menkaure
  8319 | D:6      | Reached skill level 1 in Necromancy
  8544 | D:6      | Reached skill level 5 in Air Magic
  8544 | D:6      | Reached skill level 1 in Earth Magic
  8762 | D:6      | Reached XP level 9. HP: 45/45 MP: 7/20
  9065 | D:6      | Found a runed translucent door.
  9066 | D:6      | Noticed Crazy Yiuf
  9146 | D:6      | Noticed Edmund
  9191 | D:6      | Killed Edmund
  9769 | D:6      | Killed Crazy Yiuf
  9975 | D:7      | Noticed Prince Ribbit
  9987 | D:7      | Killed Prince Ribbit
 10272 | D:7      | Noticed a troll
 10288 | D:7      | Killed a troll
 10288 | D:7      | Reached skill level 5 in Conjurations
 10462 | D:7      | Noticed a kobold demonologist
 10466 | D:7      | Found a transporter.
 10468 | D:7      | Found a transporter.
 10491 | D:7      | Noticed a kobold demonologist
 10524 | D:7      | Noticed Joseph
 10537 | D:7      | Killed Joseph
 10537 | D:7      | Reached skill level 5 in Charms
 10645 | D:7      | Noticed Pikel
 10650 | D:7      | Reached ** piety under Qazlal
 10654 | D:7      | Noticed a soul eater
 11095 | D:7      | Killed Pikel
 11095 | D:7      | Reached skill level 7 in Spellcasting
 11455 | D:8      | Got an ichor-stained whip
 11460 | D:8      | Identified the +8 whip of the Living Dead {slash, +Rage
                  | Dex+3} (You found it on level 8 of the Dungeon)
 11525 | D:7      | HP: 2/45 [orc wizard/puff of flame (6)]
 11593 | D:8      | Reached XP level 10. HP: 45/50 MP: 1/22
 11670 | D:8      | Found a sand-covered staircase.
 11698 | Ossuary  | Entered an ossuary
 12506 | D:8      | Got a faintly glowing long sword
 12507 | D:8      | Identified the cursed +0 long sword of Attainder {protect,
                  | Dex+6} (You found it on level 8 of the Dungeon)
 12533 | D:8      | Noticed Gastronok
 12591 | D:8      | Killed Gastronok
 12591 | D:8      | Reached skill level 5 in Shields
 12610 | D:8      | Reached *** piety under Qazlal
 12775 | D:8      | Learned a level 5 spell: Lightning Bolt
 13349 | D:8      | Found a basalt altar of Yredelemnul.
 14139 | D:9      | Reached skill level 8 in Spellcasting
 14393 | D:9      | Gained mutation: Scrolls take you a little longer to read.
                  | [potion of mutation]
 14393 | D:9      | Gained mutation: You are weak. (Str -2) [potion of
                  | mutation]
 14393 | D:9      | Gained mutation: You have very sharp teeth. [potion of
                  | mutation]
 14393 | D:9      | Gained mutation: You expend magic power (3 MP) to
                  | strengthen your wands. [potion of mutation]
 14394 | D:9      | Lost mutation: Scrolls take you a little longer to read.
                  | [potion of mutation]
 14394 | D:9      | Lost mutation: You are weak. (Str -2) [potion of mutation]
 14394 | D:9      | Lost mutation: You expend magic power (3 MP) to strengthen
                  | your wands. [potion of mutation]
 14394 | D:9      | Gained mutation: You are dopey. (Int -2) [potion of
                  | mutation]
 14394 | D:9      | Gained mutation: You are partially covered in icy blue
                  | scales. (AC +2) [potion of mutation]
 14394 | D:9      | Gained mutation: You expend magic power (3 MP) to
                  | strengthen your wands. [potion of mutation]
 14394 | D:9      | Gained mutation: You are partially covered in rugged brown
                  | scales. (AC +1, +3% HP) [potion of mutation]
 14491 | D:9      | Found a staircase to the Orcish Mines.
 14604 | D:9      | Found a staircase to the Lair.
 14926 | D:9      | Reached skill level 5 in Evocations
 14932 | D:9      | Noticed Maurice
 15083 | D:9      | Reached XP level 11. HP: 55/55 MP: 8/25
 15530 | D:9      | Killed Maurice
 15693 | Orc:1    | Entered Level 1 of the Orcish Mines
 15929 | Orc:2    | Entered Level 2 of the Orcish Mines
 15930 | Orc:2    | Reached skill level 5 in Invocations
 15934 | Orc:2    | Reached **** piety under Qazlal
 15936 | Orc:2    | Noticed an orc sorcerer
 15939 | Orc:2    | Noticed an orc high priest
 16174 | Orc:2    | Noticed an orc sorcerer
 16175 | Orc:2    | Noticed an orc sorcerer
 16177 | Orc:2    | Noticed a soul eater
 16227 | Orc:1    | Noticed a soul eater
 16236 | Orc:1    | Killed an orc high priest
 16625 | Orc:1    | Killed an orc sorcerer
 16625 | Orc:1    | Reached skill level 5 in Necromancy
 16777 | Orc:1    | Killed an orc sorcerer
 16940 | Orc:1    | Killed an orc sorcerer
 17120 | Orc:2    | Noticed an orc sorcerer
 17122 | Orc:2    | Noticed a sun demon
 17293 | Orc:2    | Killed an orc sorcerer
 17293 | Orc:2    | Reached skill level 5 in Earth Magic
 17402 | Orc:2    | Noticed an orc knight
 17761 | Orc:2    | Killed an orc knight
 18315 | Orc:2    | Found Riuderph's Magic Scroll Emporium.
 18315 | Orc:2    | Found Geeteump's Weapon Emporium.
 18315 | Orc:2    | Found Caoxuam's Antique Weapon Shoppe.
 18339 | Orc:2    | Found Meymp's Gadget Shoppe.
 18374 | Orc:2    | Found a roughly hewn altar of Beogh.
 18453 | Orc:2    | Reached ***** piety under Qazlal
 18584 | Orc:2    | Found a staircase to the Elven Halls.
 18860 | Orc:1    | Noticed an orc knight
 18864 | Orc:1    | Noticed an orc sorcerer
 18988 | Orc:2    | Gained mutation: You are weak. (Str -2) [a neqoxec]
 18991 | Orc:2    | Gained mutation: You are robust. (+10% HP) [a neqoxec]
 18993 | Orc:2    | Killed an orc sorcerer
 19151 | Orc:2    | Reached skill level 9 in Spellcasting
 19161 | Orc:2    | Killed an orc knight
 19804 | Orc:2    | Bought a scroll of torment for 90 gold pieces
 19804 | Orc:2    | Bought 2 scrolls of identify for 48 gold pieces
 19804 | Orc:2    | Bought a scroll of magic mapping for 42 gold pieces
 19866 | Lair:1   | Entered Level 1 of the Lair of Beasts
 19882 | Lair:1   | Reached XP level 12. HP: 65/66 MP: 11/27
 20249 | Lair:1   | Noticed a six-headed hydra
 20255 | Lair:1   | Killed a six-headed hydra
 20597 | D:9      | Learned a level 3 spell: Inner Flame
 20602 | D:9      | Learned a level 4 spell: Cause Fear
 20839 | Lair:1   | Reached skill level 1 in Hexes
 21202 | Lair:1   | Noticed an eight-headed hydra
 21208 | Lair:1   | Killed an eight-headed hydra
 23089 | Lair:2   | Reached skill level 10 in Spellcasting
 23411 | Lair:2   | Lost mutation: You are weak. (Str -2) [potion of mutation]
 23411 | Lair:2   | Lost mutation: You are partially covered in icy blue
                  | scales. (AC +2) [potion of mutation]
 23411 | Lair:2   | Lost mutation: You expend magic power (3 MP) to strengthen
                  | your wands. [potion of mutation]
 23411 | Lair:2   | Gained mutation: You are covered in fur. (AC +1) [potion of
                  | mutation]
 23411 | Lair:2   | Gained mutation: Your spells are a little harder to cast,
                  | but a little more powerful. [potion of mutation]
 23444 | Lair:2   | Got a dazzling ring mail
 23455 | Lair:2   | Identified the +0 ring mail of Disguise {Int+4 Stlth+} (You
                  | found it on level 2 of the Lair of Beasts)
 24040 | Lair:3   | Noticed Sonja
 24802 | Lair:3   | Found a hole to the Spider Nest.
 25046 | Lair:3   | Reached XP level 13. HP: 71/71 MP: 21/29
 25257 | Lair:3   | Killed Sonja
 26948 | Lair:4   | Found a shattered altar of Ashenzari.
 27333 | Lair:4   | Found a staircase to the Shoals.
 27836 | Lair:5   | Reached skill level 5 in Hexes
 27844 | Lair:5   | Found a runed translucent gate.
 27844 | Lair:5   | Found a runed translucent gate.
 28164 | Lair:5   | Noticed Nessos
 28516 | D:10     | Entered Level 10 of the Dungeon
 28907 | D:10     | Identified Sif Muna's Volume of Flamy Poison
 28914 | D:10     | Learned a level 4 spell: Leda's Liquefaction
 29920 | D:11     | Noticed Josephine
 30114 | D:10     | HP: 1/71 [Josephine/+0 dagger (3)]
 30117 | D:10     | Killed Josephine
 31320 | D:12     | Reached skill level 10 in Dodging
 31492 | D:12     | Noticed Jorgrun
 32723 | D:12     | Reached skill level 11 in Spellcasting
 33235 | D:12     | Noticed Frances
 33680 | D:12     | Found a large runed translucent door.
 33681 | D:12     | Noticed a stone giant
 33708 | D:12     | Killed Jorgrun
 33941 | D:12     | Killed Frances
 33941 | D:12     | Reached XP level 14. HP: 55/76 MP: 5/31
 34533 | D:12     | Found a large runed translucent door.
 34537 | D:12     | Found a large runed translucent door.
 34538 | D:12     | Found a large runed translucent door.
 34542 | D:12     | Found a large runed translucent door.
 34542 | D:12     | Found a large runed translucent door.
 34685 | D:12     | Found a large runed translucent door.
 34688 | D:12     | Found a large runed translucent door.
 34905 | D:12     | Identified a scroll of acquirement
 34908 | D:12     | Got a faintly glowing chain mail
 34919 | D:12     | Identified the +1 chain mail of Happy Babbling {rN+ MR+
                  | Int-5} (You acquired it on level 12 of the Dungeon)
 35168 | D:13     | Reached ****** piety under Qazlal
 35976 | D:13     | Got a bloodstained spear
 35977 | D:13     | Identified the cursed +1 spear "Ehaommot" {drain, rF+ Str+4
                  | Int-4} (You found it on level 13 of the Dungeon)
 36009 | D:13     | Got a jewelled quarterstaff
 36015 | D:13     | Identified the +2 quarterstaff "Vuver" {antimagic, Dex+3
                  | Stlth+} (You found it on level 13 of the Dungeon)
 37185 | D:14     | Noticed Louise
 37622 | Orc:2    | Bought a scroll of blinking for 90 gold pieces
 37622 | Orc:2    | Bought a scroll of teleportation for 36 gold pieces
 37646 | Elf:1    | Entered Level 1 of the Elven Halls
 38019 | Elf:1    | Noticed a deep elf sorcerer
 38037 | Elf:1    | HP: 2/76 [acid (13)]
 38045 | Elf:1    | Killed from afar by a deep elf sorcerer

Levels and vault maps discovered:
D:1:      dpeg_arrival_houses_and_road, layout_loops_ring
D:2:      layout_rooms, kennysheep_slug_shrine, uniq_sigmund
D:3:      layout_loops_corners, minmay_misc_feat_doors, grunt_ministairs_11,
          uniq_grinder
D:4:      layout_gridville, minmay_temple_entry_slanted, uniq_blork_the_orc
D:5:      layout_cave_pools, kennysheep_mini, first_ration
D:6:      layout_basic, uniq_edmund, uniq_crazy_yiuf_cottage, uniq_menkaure
D:7:      gammafunk_wand_slinger, layout_loops_corners, uniq_joseph,
          uniq_prince_ribbit1, uniq_pikel
D:8:      layout_gridville, enter_ossuary_1, lemuel_mausoleum_altar_yredelemnul,
          uniq_gastronok
D:9:      layout_loops_ring, lair_entry_dummy, orc_0_dummy, uniq_maurice
D:10:     layout_basic
D:11:     layout_irregular_city, grunt_pizzeria, uniq_josephine
D:12:     minmay_five_octagons, layout_basic, enter_bailey_2, special_room
          [special_room_orc], uniq_frances, uniq_jorgrun
D:13:     layout_roguey
D:14:     layout_roguey, david_vaults_4, gauntlet_entry_generic,
          nicolae_trove_entry_free_sample, hangedman_corner_corridor,
          uniq_louise
Temple:   compressed_dpeg_triangle_lava_temple
Lair:1:   beast_lair_carwin_large_2, layout_loops_ring, serial_bayou_shore_b
Lair:2:   layout_regular_city, nzn_random_ring
Lair:3:   layout_cave_pods, spider_nest_entry_webs, st_stairs_5, uniq_sonja
Lair:4:   layout_roguey, elwin_shoals_entry_rocks, basic_altar, minivault_19,
          serial_bayou_pond_d
Lair:5:   layout_regular_city, nicolae_slime_entry_slimehenge,
          ebering_ghost_rock_garden, serial_bayou_shore_b,
          infiniplex_staircase_pool, uniq_nessos
Orc:1:    layout_diamond_mine
Orc:2:    st_orc_mages, layout_caves, basic_altar
Elf:1:    eino_elf_arrival_shootout, layout_loops_corners, minmay_elf_sorcery

Skill      XL: |  1  2  3  4  5  6  7  8  9 10 11 12 13 14 |
---------------+-------------------------------------------+-----
Dodging        | 3 4 5 6 7 8 9 10 | 10.9
Conjurations   | 2 3 4 5 6 7 8 9 |  9.7
Spellcasting   | 4 5 6 7 8 9 10 11 | 11.6
Armour         | 1 2 3 |  3.0
Air Magic      | 4 5 6 7 8 |  8.4
Charms         | 1 2 4 5 6 7 |  7.0
Evocations     | 2 4 5 6 |  6.0
Shields        | 2 3 4 5 6 8 9 |  9.9
Invocations    | 1 2 3 4 6 |  6.0
Necromancy     | 1 3 4 6 7 8 9 |  9.4
Earth Magic    | 1 2 4 5 7 8 |  8.8
Hexes          | 4 6 7 |  7.0
Stealth        | |  2.4

Action                   |  1- 3 |  4- 6 |  7- 9 | 10-12 | 13-15 || total
-------------------------+-------+-------+-------+-------+-------++-------
Melee: Dagger            |    14 |    11 |       |       |       ||    25
       Rapier            |       |     3 |     4 |       |       ||     7
       Short sword       |       |       |    10 |       |       ||    10
       Whip              |       |       |     9 |    16 |       ||    25
       Long sword        |       |       |       |   107 |   115 ||   222
       Bite              |       |       |       |    28 |    23 ||    51
 Cast: Shock             |   111 |   118 |   333 |   788 |   783 ||  2133
       Airstrike         |       |       |     4 |    22 |    64 ||    90
       Borgnjor's Vile C |       |       |     2 |    80 |    80 ||   162
       Swiftness         |       |       |     2 |       |     1 ||     3
       Lightning Bolt    |       |       |       |     7 |    11 ||    18
       Static Discharge  |       |       |       |     1 |     1 ||     2
       Leda's Liquefacti |       |       |       |       |     1 ||     1
       Inner Flame       |       |       |       |       |     1 ||     1
Invok: Upheaval          |       |       |       |     1 |       ||     1
Evoke: Wand              |       |       |     3 |     8 |    10 ||    21
       Box of beasts     |       |       |       |       |     1 ||     1
  Use: Scroll            |       |     7 |    12 |     8 |    13 ||    40
       Potion            |       |     1 |     1 |     5 |     2 ||     9
  Eat: Chunk             |     2 |     8 |    13 |    34 |    34 ||    91
       Ration            |     1 |       |     2 |     8 |     5 ||    16
Armor: Robe              |     1 |       |       |    35 |       ||    36
       Leather armour    |    11 |    10 |    28 |    54 |    46 ||   149
       Ring mail         |       |       |       |    15 |    82 ||    97
       Acid dragon scale |       |       |       |       |     3 ||     3
Dodge: Dodged            |    21 |    26 |    90 |   353 |   249 ||   739
       Deflected         |       |       |       |     6 |    17 ||    23
Block: Buckler           |       |       |    37 |   347 |   362 ||   746
       Rpst.: Long sword |       |       |       |    68 |    54 ||   122
